 Dungeon Crawl Stone Soup version 0.13.0-9-gbc74161 (webtiles) character file.

209 Malachi the Chucker (level 4, -1/44 HPs)
             Began as an Ogre Hunter on Oct 17, 2013.
             Slain by a gnoll
             ... wielding a +0,+0 spear
              (6 damage)
             ... on Level 2 of the Dungeon.
             The game lasted 00:02:49 (1649 turns).

Malachi the Chucker (Ogre Hunter)                   Turns: 1649, Time: 00:02:49

HP  -1/44        AC  4     Str 18      XL: 4   Next: 38%
MP   3/3         EV  7     Int 10      God:
Gold 130         SH 14     Dex 10      Spells:  0 memorised,  3 levels left

Res.Fire  : . . .   See Invis. : .   i - +2,+0 mace (crush)
Res.Cold  : . . .   Warding    : .   d - +0 animal skin
Life Prot.: . . .   Conserve   : .   q - +1 shield
Res.Poison: .       Res.Corr.  : .   k - +1 wizard hat
Res.Elec. : .       Clarity    : .   (no cloak)
Sust.Abil.: . .     Spirit.Shd : .   (gloves unavailable)
Res.Mut.  : .       Stasis     : .   (boots unavailable)
Res.Rott. : .       Flight     : .   (no amulet)
Saprovore : + . .                    (no ring)
                                     m - ring of flight

@: slightly resistant to hostile enchantments, unstealthy
A: unfitting armour, fast metabolism 1, saprovore 1, tough skin 1
a: Evoke Flight


You were on level 2 of the Dungeon.
You were not hungry.

You visited 1 branch of the dungeon, and saw 2 of its levels.

You collected 110 gold pieces.

Inventory:

Hand weapons
 a - a +1,+1 club {=f}
 i - a +2,+0 mace of crushing (weapon)
Missiles
 b - a large rock (quivered)
 c - a throwing net
 h - a throwing net [torn]
Armour
 d - a +0 animal skin (worn)
 k - a +1 wizard hat (worn)
 q - a +1 shield (worn)
Comestibles
 f - 3 meat rations
 o - a chunk of rat flesh
Scrolls
 e - a scroll of identify {unknown}
 p - a scroll of recharging {unknown}
Jewellery
 m - a ring of flight (left hand)
Potions
 g - a potion of flight {unknown}
 j - a potion of curing
 l - a potion of restore abilities {unknown}
 n - a potion of heal wounds {unknown}
 r - a potion of might {unknown}


   Skills:
 - Level 2.8 Fighting
 * Level 2.5 Maces & Flails
 - Level 5.6 Throwing
 - Level 2.1 Dodging
 - Level 0.7 Stealth
 * Level 0.1 Shields


You had 3 spell levels left.
You didn't know any spells.

Dungeon Overview and Level Annotations

Branches:
Dungeon (2/27)

Altars:


Innate Abilities, Weirdness & Mutations

You are too large for most types of armour.
You have a fast metabolism.
You can tolerate rotten meat.
You have tough skin (AC +1).


Message History

The large rock misses the gnoll.
The gnoll hits you from afar with a spear.
The gnoll barely misses you.
Throwing (i - inventory. (,) - cycle):
b - 3 large rocks (quivered)
Press: ? - help, Shift-Dir - straight line, f/p - gnoll
Aim: a gnoll, wielding a spear (almost dead)
You throw a large rock. The large rock hits the gnoll.
You kill the gnoll!
The gnoll hits you from afar with a halberd!
* * * LOW HITPOINT WARNING * * *
The gnoll hits you from afar with a spear.
* * * LOW HITPOINT WARNING * * *
Throwing (i - inventory. (,) - cycle):
b - 2 large rocks (quivered)
Press: ? - help, Shift-Dir - straight line, f - gnoll
Aim: a gnoll, wielding a halberd You throw a large rock.
The large rock hits the gnoll.
The gnoll is moderately wounded.
The gnoll closely misses you.
The gnoll hits you from afar with a spear.
You die...

........................
.########.<.###...#.####
........................
#####...##.............
#......########.###
#######...# ##### .#
##...###...###...##.####
............^.....g......
...........>....@)g(#
.#####...........#### .#
#.........### .#
#.....#...# ##
###########


You could see 2 gnolls.

Vanquished Creatures
  2 gnolls (D:2)
  An adder (D:2)
  A giant mite (D:1)
  A giant gecko (D:1)
  A ball python (D:2)
  7 bats
  11 goblins
  4 hobgoblins
  6 kobolds
  2 giant cockroaches
  3 giant newts
  3 rats
42 creatures vanquished.

Notes
Turn   | Place    | Note
--------------------------------------------------------------
     0 | D:1      | Malachi, the Ogre Hunter, began the quest for the Orb.
     0 | D:1      | Reached XP level 1. HP: 20/20 MP: 0/0
   114 | D:1      | Reached XP level 2. HP: 8/28 MP: 1/1
   386 | D:1      | Reached skill level 5 in Throwing
   510 | D:1      | Reached XP level 3. HP: 21/35 MP: 2/2
  1518 | D:2      | Reached XP level 4. HP: 42/44 MP: 3/3
  1649 | D:2      | Slain by a gnoll

Action                   |  1- 3 |  4- 6 || total
-------------------------+-------+-------++-------
Melee: Club              |     6 |       ||     6
       Mace              |    84 |     7 ||    91
Throw: Large rock        |    12 |     4 ||    16
       Throwing net      |     1 |       ||     1
  Use: Potion            |     1 |       ||     1
